 Dungeon Crawl Stone Soup version 0.22-a0-571-g4a923d4b9e (webtiles) character file.

81 Kholdaimon the Charlatan (level 4, 0/22 HPs)
             Began as a Spriggan Artificer on July 1, 2018.
             Succumbed to an adder's poison
             ... on level 3 of the Dungeon.
             The game lasted 00:20:22 (4186 turns).

Kholdaimon the Charlatan (Spriggan Artificer)       Turns: 4186, Time: 00:20:23

Health: 0/22       AC:  2    Str:  9    XL:     4   Next: 19%
Magic:  8/8        EV: 19    Int: 12    God:
Gold:   152        SH:  0    Dex: 18    Spells: 3/3 levels left

rFire    . . .     SeeInvis +   p - -3 hunting sling (curse)
rCold    . . .     Gourm    .   (shield restricted)
rNeg     . . .     Faith    .   b - +0 robe
rPois    .         Spirit   .   (helmet restricted)
rElec    .         Reflect  .   (no cloak)
rCorr    .         Harm     .   (gloves unavailable)
MR       .....                  (boots unavailable)
Stlth    ++........             (no amulet)
HPRegen  0.07/turn              o - +2 ring of dexterity
MPRegen  0.11/turn              (no ring)

@: lethally poisoned (0 -> -6), very quick
A: very small, unfitting armour, see invisible, herbivore, speed 3, slow
metabolism 2
a: no special abilities


You were on level 3 of the Dungeon.
You were hungry.

You visited 1 branch of the dungeon, and saw 3 of its levels.

You collected 152 gold pieces.

Inventory:

Hand Weapons
 a - a +0 short sword
 p - a cursed -3 hunting sling (weapon)
Missiles
 g - 81 stones (quivered)
 s - 23 arrows
Armour
 b - a +0 robe (worn)
Jewellery
 o - a +2 ring of dexterity (left hand)
Wands
 c - a wand of flame (15)
 d - a wand of enslavement (15)
 e - a wand of random effects (15)
Scrolls
 l - a scroll of magic mapping
Potions
 h - a potion of berserk rage {unknown}
 i - 4 potions of curing
 j - a potion of cancellation
 k - a potion of heal wounds {unknown}
 m - a potion of brilliance {unknown}
Comestibles
 f - 7 rations


   Skills:
 + Level 1.5 Fighting
 + Level 2.1 Short Blades
 + Level 0.5 Slings
 + Level 3.9 Dodging
 + Level 3.0 Stealth
 + Level 4.7 Evocations


You had 3 spell levels left.
You didn't know any spells.
Your spell library contained the following spells:

 Spells                   Type           Power        Failure   Level  Hunger
 Cause Fear               Hex            #.........   97%         4    #####..
 Bolt of Fire             Conj/Fire      #.........   100%        6    #######
 Dragon Form              Tmut           #.........   100%        7    #######
 Flame Tongue             Conj/Fire      #....        32%         1    ##.....
 Dragon's Call            Summ           #.........   100%        9    #######


Dungeon Overview and Level Annotations

Branches:
Dungeon (3/15)

Altars:
Nemelex Xobeh
Vehumet


Innate Abilities, Weirdness & Mutations

You are very small and have problems with some larger weapons.
You are too small for most types of armour.
You have supernaturally acute eyesight. (SInv)
You are a herbivore.
You cover ground extremely quickly.
You need to consume almost no food.


Message History

Firing (i - inventory)
g - 84 stones (quivered)
Press: ? - help, Shift-Dir - straight line, f/p - adder
Aim: an adder (almost dead)
You shoot a stone. The stone closely misses the adder.
* * * LOW HITPOINT WARNING * * *
You feel sick. The adder misses you. The adder closely misses you.
Firing (i - inventory)
g - 83 stones (quivered)
Press: ? - help, Shift-Dir - straight line, f/p - adder
Aim: an adder (almost dead)
You shoot a stone.
The stone hits the adder but does no damage.
The adder is almost dead.
The adder closely misses you.
Firing (i - inventory)
g - 82 stones (quivered)
Press: ? - help, Shift-Dir - straight line, f/p - adder
Aim: an adder (almost dead)
You shoot a stone.
The stone hits the adder but does no damage.
The adder is almost dead.
You die...

##########****##*
##.........,,,.%,,
##.#.######**,.#***
##.###.#######..#### #.##
##(((....)...(.
###.###.#########(...
#..(@#.## ####**,***.
#(###S## #..,,,,,,,, #(#
#s# #.#**,,***,
######.###(# ##.##*,#,,,,
#......)(..####...##.#***,
#.####s##.........)..#***,
#.# #.##..####..>####,,,,
#.# #.##..#####†## *,,,,
#.####.##.#..###.# *,,,,


You could see an adder and a giant cockroach.

Vanquished Creatures
  2 adders
  A dart slug (D:3)
  2 leopard geckos
  An orc (D:3)
  A ball python (D:1)
  5 giant cockroaches
  5 goblins
  11 hobgoblins
  6 kobolds
  7 bats
  7 frilled lizards
  9 rats
57 creatures vanquished.

Notes
Turn   | Place    | Note
-------+----------+-------------------------------------------
     0 | D:1      | Kholdaimon the Spriggan Artificer began the quest for the Orb.
     0 | D:1      | Reached XP level 1. HP: 9/9 MP: 4/4
   108 | D:1      | Reached skill level 1 in Fighting
   184 | D:1      | Reached XP level 2. HP: 2/14 MP: 6/6
  1636 | D:2      | Reached XP level 3. HP: 16/18 MP: 7/7
  1735 | D:2      | Found a sparkling altar of Nemelex Xobeh.
  1736 | D:2      | Found a radiant altar of Vehumet.
  3603 | D:3      | Reached XP level 4. HP: 2/22 MP: 8/8
  4184 | D:3      | HP: 1/22 [poisoned by an adder]
  4186 | D:3      | Succumbed to an adder's poison

Vault maps used:
D:1:      nagdon_arrival_double_spiral
D:2:      minitemple, first_ration, hangedman_decor_riveting

Skill      XL: |  1  2  3 |
---------------+----------+-----
Fighting       | 1 |  1.5
Stealth        | 2 3 |  3.0
Short Blades   | 2 |  2.1
Slings         | |  0.5
Dodging        | |  3.9
Evocations     | |  4.7

Action                   |  1- 3 |  4- 6 || total
-------------------------+-------+-------++-------
Melee: Short sword       |   199 |       ||   199
 Fire: Hunting sling     |   135 |    66 ||   201
Throw: Stone             |    30 |       ||    30
  Use: Scroll            |     7 |       ||     7
 Stab: Sleeping          |     4 |       ||     4
Armor: Robe              |    37 |     5 ||    42
Dodge: Dodged            |   282 |    35 ||   317

Table legend:
 A = Spawn XP
 B = Non-spawn XP
 C = Spawn XP percentage of total XP
 D = Spawn monster count
 E = Non-spawn monster count
 F = Spawn count percentage of total count
 G = Total turns spent on level
                    A         B        C        D         E        F      G
               +---------+---------+-------+---------+---------+-------+---------
         Total |       0 |     116 |   0.0 |       0 |      57 |   0.0 |  4186
               +---------+---------+-------+---------+---------+-------+---------
           D:1 |       0 |      39 |   0.0 |       0 |      22 |   0.0 |  1642
           D:2 |       0 |      44 |   0.0 |       0 |      24 |   0.0 |  1066
           D:3 |       0 |      33 |   0.0 |       0 |      11 |   0.0 |  1478
               +---------+---------+-------+---------+---------+-------+---------
